 Dungeon Crawl Stone Soup version 0.19.5 (webtiles) character file.

2043 Kosschaser the Covert (level 9, -6/54 HPs)
             Began as a Kobold Assassin on Mar 18, 2017.
             Was an Initiate of Dithmenos.
             Killed by divine providence
             ... invoked by an orc priest
              (14 damage)
             ... on level 7 of the Dungeon.
             The game lasted 00:24:48 (8611 turns).

Kosschaser the Covert (Kobold Assassin)             Turns: 8611, Time: 00:24:49

Health: -6/54      AC:  6    Str:  8    XL:     9   Next: 48%
Magic:  9/9        EV: 20    Int: 12    God:    Dithmenos [......]
Gold:   561        SH:  0    Dex: 20    Spells: 0 memorised, 8 levels left

rFire  + . .     SeeInvis .     D - +0 dagger (venom)
rCold  . . .     Gourm    .     c - +0 robe
rNeg   . . .     Faith    .     (shield restricted)
rPois  .         Spirit   .     (no helmet)
rElec  .         Reflect  .     q - +2 cloak
rCorr  .         Harm     .     (no gloves)
MR     .....                    E - +0 pair of boots
Stlth  +++++.....               (no amulet)
                                z - ring of protection from fire
                                h - ring of flight

@: no status effects
A: carnivore 3
a: Renounce Religion, Evoke Flight


You were on level 7 of the Dungeon.
You worshipped Dithmenos.
Dithmenos was noncommittal.
You were not hungry.

You visited 2 branches of the dungeon, and saw 10 of its levels.

You collected 561 gold pieces.

Inventory:

Hand Weapons
 a - a +2 dagger
 b - a +0 blowgun
 s - a +0 short sword of speed
 D - a +0 dagger of venom (weapon)
Missiles
 e - 22 poisoned needles
 f - 2 curare-tipped needles
 k - 10 tomahawks (quivered)
 F - 31 bolts
Armour
 c - a +0 robe (worn)
 q - a +2 cloak (worn)
 E - a +0 pair of boots (worn)
Jewellery
 h - a ring of flight (left hand)
 t - an uncursed ring of protection from fire
 z - a ring of protection from fire (right hand)
Scrolls
 i - 4 scrolls of recharging
 r - a scroll of remove curse
 v - 5 scrolls of amnesia
 y - 2 scrolls of teleportation
 A - 2 scrolls of magic mapping
Potions
 j - 2 potions of magic {unknown}
 m - a potion of cure mutation
 n - 3 potions of agility {unknown}
 o - a potion of curing
 p - a potion of degeneration {unknown}
 u - 2 potions of heal wounds {unknown}
 w - a potion of invisibility {unknown}
 x - 4 potions of flight
 B - a potion of haste {unknown}
 C - a potion of lignification {unknown}
Comestibles
 d - a slice of pizza
 g - 4 meat rations
 l - 2 beef jerkies


   Skills:
 + Level 5.2 Fighting
 + Level 9.5 Short Blades
 + Level 4.0 Throwing
 + Level 6.3 Dodging
 + Level 9.9 Stealth


You had 8 spell levels left.
You didn't know any spells.

Dungeon Overview and Level Annotations

Branches:
Dungeon (9/15)             Temple (1/1) D:6
   Lair: D:8-11         Orc: D:9-12

Altars:
Ashenzari
Dithmenos
Elyvilon
Fedhas
Hepliaklqana
Kikubaaqudgha
Makhleb
Ru
Sif Muna
Trog
Uskayaw
Xom
Yredelemnul
The Shining One


Innate Abilities, Weirdness & Mutations

You are small and have problems with some larger weapons.
You are carnivorous and can eat meat at any time.


Message History

The orc wizard is poisoned.
The orc wizard misses you.
You hit the orc priest.
The orc priest looks as sick as possible!
The orc priest is heavily wounded.
The orc priest closely misses you. Something hits you.
* * * LOW HITPOINT WARNING * * *
The orc misses you.
You hit the orc priest.
The orc priest looks as sick as possible!
The orc priest is severely wounded.
Dithmenos accepts your kill.
Dithmenos appreciates your extinguishing a source of fire.
Reactivating autopickup.
Your Throwing skill increases to level 4!
You feel a bit more experienced. The orc wizard misses you.
You hit the orc wizard but do no damage.
The orc wizard is lightly wounded.
The orc priest invokes the aid of Beogh against you.
Beogh smites you!
You die...

#....... #.#'####
#.#..... ##### #.#.###.
# #...# #.#.# #.
.#.##.#)#######.#.###.
............>..'..... .
#.##o#.#############'
#.#..)@o...........#...
#....oo.....######.##.#
#..........<....##.##.#
#......########.##.##.#
...#.............##.##.#
.# #.##############.##.#
#. ####.##.# #.
#....##.# #.#####.#


You could see an orc priest, an orc wizard and 2 orcs.

Vanquished Creatures
  The ghost of Thundermex the Conjurer, an amateur DECj (D:4)
  A phantom (D:6)
  An ice beast (D:5)
  2 ogres
  4 centaurs
  2 bullfrogs
  5 killer bees (D:7)
  A howler monkey (D:5)
  4 crimson imps
  A bullfrog zombie (D:5)
  3 hounds
  A bullfrog skeleton (D:6)
  5 orc wizards
  Terence (D:3)
  2 iguanas (D:5)
  3 worker ants
  A hound skeleton (D:8)
  A worker ant zombie (D:5)
  Robin (D:3)
  8 adders
  An ooze (D:1)
  2 adder skeletons
  4 worms
  4 dart slugs
  3 leopard geckos
  24 orcs
  2 ball pythons
  5 bats
  5 giant cockroaches
  9 goblins
  13 hobgoblins
  13 jackals
  A quokka (D:6)
  5 frilled lizards
  A jackal skeleton (D:4)
  7 kobolds
  A quokka skeleton (D:5)
  5 rats
153 creatures vanquished.

Vanquished Creatures (others)
  A goblin (D:3)
1 creature vanquished.

Grand Total: 154 creatures vanquished

Notes
Turn   | Place    | Note
-------+----------+-------------------------------------------
     0 | D:1      | Kosschaser the Kobold Assassin began the quest for the Orb.
     0 | D:1      | Reached XP level 1. HP: 12/12 MP: 1/1
   204 | D:1      | Reached XP level 2. HP: 7/17 MP: 2/2
   865 | D:1      | Reached XP level 3. HP: 20/22 MP: 3/3
  1287 | D:2      | Found a shimmering altar of Xom.
  1333 | D:2      | Found a white marble altar of Elyvilon.
  1356 | D:2      | Reached XP level 4. HP: 25/27 MP: 4/4
  1739 | D:2      | Found a basalt altar of Yredelemnul.
  2038 | D:3      | Noticed Terence
  2040 | D:3      | Killed Terence
  2040 | D:3      | Reached XP level 5. HP: 31/31 MP: 5/5
  2448 | D:3      | Reached XP level 6. HP: 36/36 MP: 6/6
  2527 | D:3      | Noticed Robin
  2564 | D:3      | Killed Robin
  2881 | D:3      | Reached skill level 5 in Short Blades
  3241 | D:4      | Noticed Thundermex's ghost (amateur DECj)
  3978 | D:5      | Entered Level 5 of the Dungeon
  4115 | D:5      | Reached XP level 7. HP: 27/41 MP: 7/7
  4279 | D:5      | HP: 2/41 [poisoned by a worker ant]
  4632 | D:5      | You fall through a shaft for 3 floors!
  4927 | D:9      | Noticed a yak
  4927 | D:9      | Noticed a yak
  4927 | D:9      | Noticed a yak
  4927 | D:9      | Noticed a yak
  4929 | D:9      | Noticed a yak
  4986 | D:8      | Reached XP level 8. HP: 13/48 MP: 8/8
  5998 | D:5      | Reached skill level 5 in Dodging
  6147 | D:5      | Found a shattered altar of Ashenzari.
  6302 | D:5      | Reached XP level 9. HP: 46/52 MP: 9/9
  6653 | D:5      | Found a hide-covered altar of Uskayaw.
  6656 | D:5      | Found a bloodstained altar of Trog.
  6665 | D:5      | Found a burning altar of Makhleb.
  7180 | D:4      | Killed Thundermex's ghost
  7428 | D:6      | Reached skill level 5 in Fighting
  8207 | D:6      | Found a staircase to the Ecumenical Temple.
  8214 | Temple   | Entered the Ecumenical Temple
  8221 | Temple   | Became a worshipper of Dithmenos the Shadowed
  8611 | D:7      | Killed from afar by an orc priest

Skill      XL: |  1  2  3  4  5  6  7  8  9 |
---------------+----------------------------+-----
Stealth        | 6 7 8 9 |  9.9
Short Blades   | 3 4 5 6 8 9 |  9.5
Dodging        | 2 3 4 5 6 |  6.3
Fighting       | 3 4 5 |  5.2
Throwing       | 3 4 |  4.0

Action                   |  1- 3 |  4- 6 |  7- 9 || total
-------------------------+-------+-------+-------++-------
Melee: Dagger            |    66 |    76 |   301 ||   443
       Short sword       |       |   245 |   213 ||   458
 Fire: Blowgun           |       |       |     5 ||     5
Throw: Tomahawk          |       |       |    15 ||    15
  Use: Scroll            |       |     5 |     4 ||     9
       Potion            |       |       |     1 ||     1
 Stab: Sleeping          |    11 |    18 |    13 ||    42
       Distracted        |     1 |     1 |     2 ||     4
  Eat: Chunk             |     9 |    10 |     7 ||    26
Armor: Robe              |     5 |    44 |    48 ||    97
Dodge: Dodged            |    24 |   154 |   216 ||   394
